 Dungeon Crawl Stone Soup version 0.21.1-1-g345015f (webtiles) character file.

65 shakethe the Chopper (level 3, -1/29 HPs)
             Began as a Demonspawn Berserker on Feb 5, 2018.
             Was a Follower of Trog.
             Slain by Natasha (5 damage)
             ... on level 2 of the Dungeon.
             The game lasted 00:04:20 (1506 turns).

shakethe the Chopper (Demonspawn Berserker)         Turns: 1506, Time: 00:04:21

Health: -1/29      AC:  9    Str: 20    XL:     3   Next: 92%
Magic:  3/3        EV:  8    Int:  8    God:    Trog [*.....]
Gold:   79         SH:  0    Dex: 13    Spells: 2/2 levels left

rFire    . . .     SeeInvis .   a - +0 hand axe
rCold    . . .     Gourm    .   (no shield)
rNeg     . . .     Faith    .   o - +0 chain mail
rPois    .         Spirit   .   (helmet restricted)
rElec    .         Reflect  .   (no cloak)
rCorr    .         Harm     .   m - +0 pair of gloves
MR       .....                  (no boots)
Stlth    ..........             (no amulet)
HPRegen  0.09/turn              n - +3 ring of strength
MPRegen  0.08/turn              (no ring)

@: no status effects
A: horns 1, demonic guardian 1
a: Berserk, Burn Spellbooks, Renounce Religion


You were on level 2 of the Dungeon.
You worshipped Trog.
Trog was aware of your devotion.
You were not hungry.

You visited 1 branch of the dungeon, and saw 2 of its levels.

You collected 79 gold pieces.

Inventory:

Hand Weapons
 a - a +0 hand axe (weapon)
Armour
 b - a +0 animal skin
 m - a +0 pair of gloves (worn)
 o - a +0 chain mail (worn)
Jewellery
 n - a +3 ring of strength (left hand)
Scrolls
 e - 3 scrolls of identify {unknown}
 h - a scroll of teleportation {unknown}
 k - a scroll of magic mapping {unknown}
 l - a scroll of fear {unknown}
 p - a scroll of immolation {unknown}
Potions
 d - 2 potions of curing {unknown}
 f - a potion of resistance {unknown}
 g - 3 potions of heal wounds {unknown}
 i - a potion of lignification {unknown}
 j - a potion of haste {unknown}
Comestibles
 c - a ration


   Skills:
 + Level 3.5 Fighting
 * Level 3.6 Axes
 + Level 2.4 Armour
 - Level 1.7 Dodging


You had 2 spell levels left.
You didn't know any spells.

Dungeon Overview and Level Annotations

Branches:
Dungeon (2/15)

Altars:
Nemelex Xobeh
Vehumet

Annotations:
D:2 Natasha


Innate Abilities, Weirdness & Mutations

You have a pair of small horns on your head.
A weak demonic guardian rushes to your aid.


Message History

You closely miss Natasha. You headbutt Natasha!
Natasha is severely wounded.
Natasha completely misses you.
You hit Natasha but do no damage.
Natasha is heavily wounded.
Natasha casts a spell at you. The magic dart hits you!
You hit Natasha.
Natasha is severely wounded.
Natasha claws you.
Your chain mail prevents you from hitting Natasha.
Your headbutt misses Natasha.
Natasha is severely wounded.
Natasha casts a spell at you. The magic dart hits you!
* * * LOW HITPOINT WARNING * * *
You hit Natasha but do no damage.
Natasha is severely wounded.
Natasha claws you.
You die...

####### ......#
#####.# #.#
##############.#
#.#
#......5@h...... #
#.#
#.############.# #
#.# #.# # #.# #.#
# #.# #.# ##.###.#
####...##.#
..รท.....#.#######
.###.............


You could see Natasha and a friendly ufetubus.

Vanquished Creatures
  Natasha (D:2)
  An adder (D:2)
  An ooze (D:1)
  A dart slug (D:1)
  4 leopard geckos (D:1)
  3 giant cockroaches (D:1)
  3 goblins (D:1)
  2 hobgoblins (D:1)
  5 kobolds (D:1)
  2 bats (D:1)
  2 frilled lizards (D:2)
  2 rats (D:1)
27 creatures vanquished.

Notes
Turn   | Place    | Note
-------+----------+-------------------------------------------
     0 | D:1      | shakethe the Demonspawn Berserker began the quest for the Orb.
     0 | D:1      | Reached XP level 1. HP: 18/18 MP: 1/1
   313 | D:1      | Gained mutation: You have a pair of small horns on your head. [demonic ancestry]
   313 | D:1      | Reached XP level 2. HP: 14/24 MP: 2/2
   916 | D:1      | Gained mutation: A weak demonic guardian rushes to your aid. [demonic ancestry]
   916 | D:1      | Reached XP level 3. HP: 25/29 MP: 3/3
  1145 | D:2      | Noticed a phantom
  1401 | D:2      | Found a radiant altar of Vehumet.
  1404 | D:2      | Noticed Natasha
  1405 | D:2      | Found a sparkling altar of Nemelex Xobeh.
  1410 | D:2      | Killed Natasha
  1497 | D:2      | Noticed Natasha
  1506 | D:2      | Slain by Natasha

Skill      XL: |  1 |
---------------+----+-----
Axes           | 3 |  3.6
Armour         | 2 |  2.4
Fighting       | |  3.5
Dodging        | |  1.7

Action                   || total
-------------------------++-------
Melee: Hand axe          ||    75
       Headbutt          ||    13
Invok: Berserk           ||     1
 Stab: Sleeping          ||     1
  Eat: Chunk             ||     3
Armor: Animal skin       ||    10
       Chain mail        ||    19
Dodge: Dodged            ||    43
